 Dungeon Crawl Stone Soup version 0.31.0-32-g396128a36d (webtiles) character file.

Game seed: 6442930077568363220

125 Curundu the Chopper (level 4, -1/41 HPs)
             Began as a Minotaur Berserker on Mar 21, 2024.
             Was a Believer of Trog.
             Slain by an orc wizard
             ... wielding a +0 dagger
              (3 damage)
             ... on level 4 of the Dungeon.
             The game lasted 00:04:47 (1456 turns).

Curundu the Chopper (Minotaur Berserker)            Turns: 1456, Time: 00:04:48

Health: -1/41      AC: 11    Str: 24    XL:     4   Next: 82%
Magic:  3/3        EV:  9    Int:  4    God:    Trog [**....]
Gold:   90         SH:  0    Dex:  9    Spells: 3/3 levels left

rFire   . . .        a - +0 hand axe
rCold   . . .        (no shield)
rNeg    . . .        d - +2 chain mail {rPois}
rPois   +            (helmet restricted)
rElec   .            (no cloak)
rCorr   .            (no gloves)
SInv    .            (no boots)
Will    .....        (no amulet) Stlth
                     (no ring)
HPRegen 0.26/turn    (no ring)
MPRegen 0.08/turn

%: no passive effects
@: on berserk cooldown, slowed, very slow
A: horns 2, retaliatory headbutt
a: Renounce Religion, Berserk, Trog's Hand


You were on level 4 of the Dungeon.
You worshipped Trog.
Trog was pleased with you.
You visited 1 branch of the dungeon, and saw 4 of its levels.

You collected 90 gold pieces.

Inventory:

Hand Weapons
 a - a +0 hand axe (weapon)
Armour
 b - a +0 animal skin
 d - a +2 chain mail of poison resistance (worn)
Scrolls
 c - 2 scrolls of fear {unknown}
 e - a scroll of poison {unknown}
 f - 4 scrolls of identify {unknown}
 g - a scroll of enchant armour {unknown}
Potions
 h - a potion of resistance {unknown}
 i - a potion of ambrosia {unknown}
 j - a potion of mutation {unknown}
 k - a potion of heal wounds {unknown}
 l - a potion of degeneration {unknown}
 m - a potion of cancellation {unknown}


   Skills:
 + Level 4.4 Fighting
 + Level 4.9 Axes
 * Level 3.8 Armour
 - Level 2.3 Dodging
 * Level 1.9 Shields


You had 3 spell levels left.
You didn't know any spells.
Your spell library was empty.

Dungeon Overview and Level Annotations

Branches:
Dungeon (4/15)
 Temple: D:4-7

Altars:


Innate Abilities, Weirdness & Mutations

You have a pair of horns on your head.
You reflexively headbutt those who attack you in melee.


Message History

The orc hits you but does no damage.
Items here: ( )) [[ †.
You slash the orc!
You kill the orc!
Trog accepts your kill.
The orc priest calls down the wrath of Beogh upon you.
Beogh smites you!
* * * LOW HITPOINT WARNING * * *
Your skin stops crawling.
You feel less strong-willed. The orc hits you but does no damage.
You see here a +0 dagger.
You closely miss the orc.
The orc wizard mumbles some strange words.
The orc wizard flickers and vanishes!
Deactivating autopickup; reactivate with Ctrl-A.
The orc hits you but does no damage.
You slash the orc!
You kill the orc!
Trog accepts your kill.
You miss something. You closely miss something.
You are no longer berserk.
You are exhausted.
You feel yourself slow down. Something hits you.
* * * LOW HITPOINT WARNING * * *
You closely miss something.
Something hits you but does no damage. x2
You hit something but do no damage. Something hits you but does no damage.
You completely miss something. Something hits you.
* * * LOW HITPOINT WARNING * * *
Something hits you.
* * * LOW HITPOINT WARNING * * *
You miss something.
You hear some strange, mumbled words.
A magic dart appears from out of thin air!
The magic dart hits you.
* * * LOW HITPOINT WARNING * * *
The orc priest mumbles some strange prayers to Beogh against you.
Something writhes in agony!
You barely miss something. Something hits you.
You die...

........##
..........
.........
.........
#.......#
#/......#
#.....oo#
#.....#{#
#.##. #@# #
#)# #####)#
#<..#.#####.#
###.#.......#
#..........
###########


You could see an orc priest and an orc.

Vanquished Creatures
  An orc wizard (D:4)
  A gnoll (D:1)
  2 adders (D:2)
  2 dart slugs
  4 orcs (D:4)
  7 ball pythons
  4 bats (D:1)
  5 endoplasms
  4 giant cockroaches
  5 goblins
  8 hobgoblins
  2 jackals (D:2)
  6 kobolds
  2 quokkas
  3 frilled lizards
  2 rats (D:2)
58 creatures vanquished.

Notes
Turn   | Place    | Note
-------+----------+-------------------------------------------
     0 | D:1      | Curundu the Minotaur Berserker began the quest for the Orb.
     0 | D:1      | Reached XP level 1. HP: 19/19 MP: 0/0
   217 | D:1      | Reached XP level 2. HP: 27/27 MP: 1/1
   501 | D:1      | Reached XP level 3. HP: 24/33 MP: 2/2
   711 | D:1      | Reached ** piety under Trog
   741 | D:2      | Reached skill level 1 in Shields
   927 | D:2      | Reached XP level 4. HP: 40/41 MP: 3/3
  1455 | D:4      | HP: 2/41 [something/magic dart (6)]
  1456 | D:4      | Slain by an orc wizard

Illustrated notes

Levels and vault maps discovered:
D:1:      heliophobic_arrival_battle_scene, layout_loops_cross
D:2:      layout_basic
D:3:      wad_pebble_path, layout_basic, dreamdust_mushroom_princess,
          dreamdust_princess_bridge
D:4:      minmay_polygon_palace, layout_basic, jmf_multi_god_temple,
          minmay_temple_entry_glassed_door, uniq_edmund

Skill      XL: |  1  2  3 |
---------------+----------+-----
Fighting       | 4 |  4.4
Axes           | 4 |  4.9
Armour         | 3 |  3.8
Shields        | 1 |  1.9
Dodging        | |  2.3

Action                     |  1- 3 |  4- 6 || total
---------------------------+-------+-------++-------
  Melee: Hand axe          |    74 |    52 ||   126
         Headbutt          |    15 |     4 ||    19
         Punch             |       |     1 ||     1
 Invoke: Berserk           |       |     1 ||     1
         Trog's Hand       |       |     1 ||     1
 Armour: Animal skin       |     8 |       ||     8
         Chain mail        |    59 |    52 ||   111
  Dodge: Dodged            |    43 |    21 ||    64
